 Dungeon Crawl Stone Soup version 0.31-a0-221-gbddc013574 (webtiles) character file.

Game seed: 1601090590134809344

21 qw the Shooter (level 2, 0/17 HPs)
             Began as a Gargoyle Hexslinger on July 4, 2023.
             Slain by a worm (6 damage)
             ... on level 1 of the Dungeon.
             The game lasted 00:00:16 (667 turns).

qw the Shooter (Gargoyle Hexslinger)                 Turns: 667, Time: 00:00:17

Health: 0/17       AC:  5    Str: 11    XL:     2   Next: 83%
Magic:  3/3        EV:  8    Int: 13    God:
Gold:   11         SH:  0    Dex: 12    Spells: 2/3 levels left

rFire   . . .        Y - +1 sling
rCold   . . .        (no shield)
rNeg    + . .        d - +0 leather armour
rPois   inf          (no helmet)
rElec   +            (no cloak)
rCorr   .            (no gloves)
SInv    .            (no boots)
Will    .....        (no amulet)
Stlth   +            (no ring)
HPRegen 0.22/turn    (no ring)
MPRegen 0.08/turn

%: no passive effects
@: constricted
A: sickness immunity, AC +2, negative energy resistance 1, electricity
resistance, torment resistance 1, petrification resistance
a: no special abilities


You were on level 1 of the Dungeon.
You visited 1 branch of the dungeon, and saw 2 of its levels.

You collected 11 gold pieces.


Innate Abilities, Weirdness & Mutations

You are immune to sickness and miasma.
Your stone body is resilient. (AC +2)
You are immune to poison.
You resist negative energy. (rN+)
You are resistant to electric shocks. (rElec)
You are resistant to unholy torment.
You are immune to petrification.


   Skills:
 + Level 1.7 Fighting
 - Level 3.0 Ranged Weapons
 - Level 1.5 Dodging
 - Level 1.0 Spellcasting
 - Level 2.6 Hexes


You had 2 spell levels left.
You knew the following spells:

 Your Spells              Type           Power      Damage    Failure   Level
a - Slow                  Hex            28%        N/A       12%         1

Your spell library contained the following spells:

 Spells                   Type           Power      Damage    Failure   Level
 Inner Flame              Hex/Fire       4%         N/A       54%         3
 Portal Projectile        Hex/Tloc       8%         N/A       54%         3
 Cause Fear               Hex            3%         N/A       77%         4

Inventory:

Hand Weapons
 Y - a +1 sling (weapon)
Armour
 d - a +0 leather armour (worn)
Potions
 e - a potion of curing {unknown}

Dungeon Overview and Level Annotations

Branches:
Dungeon (2/15)

Altars:

Annotations:
D:2 Sigmund


Message History

Done exploring.
(D) Dungeon
Where to? (* - list waypoints, ? - help)
What level of the Dungeon? (default 1, ? - help)
You see here a ball python skeleton.
There is a stone staircase leading down here.
You climb downwards.
Found a leather armour.
Found a stone staircase leading down and a stone staircase leading up.
There is a stone staircase leading up here.
There are monsters nearby!
Waypoint 1 assigned to D:2.
You shoot a sling bullet.
The sling bullet hits the worm but does no damage.
The kobold throws a stone.
The stone barely misses you.
You shoot a sling bullet.
The sling bullet barely misses the worm.
The sling bullet hits the ball python.
The ball python is heavily wounded.
You shoot a sling bullet. The sling bullet hits the worm.
The worm is moderately wounded.
The kobold throws a stone.
The stone barely misses you.
You shoot a sling bullet. The sling bullet hits the worm.
The worm is heavily wounded.
The worm barely misses you.
Sigmund hits you from afar with a +0 scythe!
Ouch! That really hurt!
The rat bites you but does no damage.
665 ||| STAIRDANCE The ball python bites you.
The ball python barely misses you. The rat bites you but does no damage.
You climb upwards.
There is a stone staircase leading down here.
Enter note:
Enter note:
Enter note: You shoot a sling bullet.
The sling bullet hits the worm.
The worm is heavily wounded.
The ball python closely misses you. The ball python grabs you.
The ball python constricts you. The worm bites you.
You die...

###.##########. #.......#
#... #.......# #..>
##########.......## #...
#.........%.......# #...
#####.#####..........# #...
#.........#.########.# #..%
#.........Sr########.###.).
#.......#.@............#...
#.......#w#########.##.#...
#.......#.....# #...#..#...
#############.# #.###.##...
#.# #...#.##... #.#
###.#.##...
##########.#####.#......
#........#.....#.#######
#......?.#####.#.###


You could see a worm, a ball python and a rat.

Vanquished Creatures
  4 endoplasms (D:1)
  A giant cockroach (D:1)
  A goblin (D:1)
  2 hobgoblins (D:1)
  6 ball pythons (D:1)
  A frilled lizard (D:1)
  A kobold (D:1)
  4 rats (D:1)
20 creatures vanquished.

Notes
Turn   | Place    | Note
-------+----------+-------------------------------------------
     0 | D:1      | qw the Gargoyle Hexslinger began the quest for the Orb.
     0 | D:1      | Reached XP level 1. HP: 12/12 MP: 2/2
     0 | D:1      | 0 ||| qw: Version: 0.3-a-41-g9d075ac
     0 | D:1      | 0 ||| qw: Game counter: 717
     0 | D:1      | 0 ||| qw: Melee chars always use a shield: true
     0 | D:1      | 0 ||| qw: God list: Okawaru
     0 | D:1      | 0 ||| qw: Allow faded altars: false
     0 | D:1      | 0 ||| qw: Do Orc after clearing Dungeon:15 true
     0 | D:1      | 0 ||| qw: Do second Lair branch before Depths: true
     0 | D:1      | 0 ||| qw: Lair rune preference: random
     0 | D:1      | 0 ||| qw: Goals: Normal
     0 | D:1      | 0 ||| PLANNING D:1-11
   210 | D:1      | Reached XP level 2. HP: 16/16 MP: 3/3
   224 | D:1      | 224 ||| FLEEEEING.
   280 | D:1      | Reached skill level 3 in Ranged Weapons
   299 | D:1      | Found a faded altar of an unknown god.
   607 | D:1      | 607 ||| UPGRADING to +0 leather armour.
   617 | D:1      | 617 ||| DROPPING +0 robe.
   618 | D:1      | 618 ||| READING scroll labelled ZETOYR TUKH.
   631 | D:1      | 631 ||| READING scroll labelled SOAZIE UPTATOSS.
   632 | D:1      | 632 ||| READING scroll labelled YFRUOLU LARIOL.
   633 | D:1      | 633 ||| DROPPING scroll of poison.
   660 | D:2      | Noticed Sigmund
   665 | D:2      | 665 ||| STAIRDANCE
   667 | D:1      | Slain by a worm

Levels and vault maps discovered:
D:1:      lemuel_arrival_funnel, layout_basic, chequers_ecumenical_altar_twisty
D:2:      layout_rooms, basic_altar, hangedman_decor_clover_reticule,
          uniq_terence, uniq_sigmund

Skill      XL: |  1  2 |
---------------+-------+-----
Ranged Weapons | 3 |  3.0
Fighting       | |  1.7
Dodging        | |  1.5
Spellcasting   | |  1.0
Hexes          | |  2.6

Action                     || total
---------------------------++-------
   Fire: Sling             ||    59
    Use: Scroll            ||     3
 Armour: Robe              ||     3
         Leather armour    ||     2
  Dodge: Dodged            ||    16

Table legend:
 A = Non-vault XP
 B = Vault XP
 C = Vault XP percentage of total XP
 D = Non-vault monster count
 E = Vault monster count
 F = Vault count percentage of total count
                 A         B        C        D         E       F
            +---------+---------+-------+---------+---------+-------
      Total |      30 |       0 |   0.0 |      20 |       0 |   0.0
            +---------+---------+-------+---------+---------+-------
        D:1 |      30 |       0 |   0.0 |      20 |       0 |   0.0
            +---------+---------+-------+---------+---------+-------
